 Dungeon Crawl Stone Soup version 0.29-a0-234-g0dae59b3db (webtiles) character file.

Game seed: 17163395885750694888

46 spaghetti the Ducker (level 3, 0/22 (26) HPs)
             Began as an Octopode Chaos Knight on Mar 3, 2022.
             Was a Plaything of Xom.
             Succumbed to Sigmund's poison
             ... on level 3 of the Dungeon.
             The game lasted 00:01:43 (1003 turns).

spaghetti the Ducker (Octopode Chaos Knight)        Turns: 1003, Time: 00:01:44

HP:   0/22 (26)     AC:  1    Str: 11    XL:     3   Next: 66%
MP:   3/3           EV: 14    Int: 14    God:    Xom [......]
Gold: 25            SH:  0    Dex: 13    Spells: 2/2 levels left

rFire   . . .      SeeInvis .   a - +0 falchion (chaos) {long}
rCold   . . .      Faith    .   (no shield)
rNeg    . . .      Spirit   .   (helmet restricted)
rPois   .          Reflect  .   (no amulet)
rElec   .          Harm     .   (no ring)
rCorr   .          Rampage  .   (no ring)
Will    .....                   (no ring)
Stlth   ++........              (no ring)
HPRegen 0.07/turn               (no ring)
MPRegen 0.08/turn               (no ring)
                                (no ring)
                                (no ring)

@: brilliant, lethally poisoned (0 -> -16), heavily drained
A: almost no armour, amphibious, 8 rings, camouflage 1, gelatinous body 1,
(nimble swimmer 1), tentacles
a: Renounce Religion


You were on level 3 of the Dungeon.
You worshipped Xom.
You were a very special plaything of Xom.
You visited 1 branch of the dungeon, and saw 3 of its levels.

You collected 25 gold pieces.


Innate Abilities, Weirdness & Mutations

You cannot wear most types of armour.
You are amphibious.
You can wear up to eight rings at the same time.
Your skin changes colour to match your surroundings (Stealth+).
Your rubbery body absorbs attacks. (AC +1, EV +1)
((You are camouflaged when in or above water. (Stealth+)))
You have tentacles for arms and can constrict up to eight enemies at once.


   Skills:
 - Level 3.0 Fighting
 - Level 3.0 Long Blades
 + Level 4.1 Dodging


You had 2 spell levels left.
You didn't know any spells.
Your spell library contained the following spells:

 Spells                   Type           Power      Damage    Failure   Level
 Ozocubu's Armour         Ice            0%         N/A       65%         3
 Ozocubu's Refrigeration  Ice            0%         4d5       100%        7

Inventory:

Hand Weapons
 a - a +0 falchion of chaos (weapon) {long}
 b - a +2 hunting sling of flaming {sling}
   (You found it on level 1 of the Dungeon)
 i - a +0 dagger of flaming {short}
   (You found it on level 1 of the Dungeon)
Missiles
 j - 52 stones (quivered) {throwing}
Jewellery
 d - a ring of willpower
   (You found it on level 1 of the Dungeon)
Scrolls
 e - a scroll of identify {@r1}
 g - a scroll of fog
Potions
 c - a potion of degeneration {!q@e2}
 h - a potion of curing {unknown}

Dungeon Overview and Level Annotations

Branches:
Dungeon (3/15)

Altars:

Shops:
D:1 !   D:2 :

Annotations:
D:2 Sigmund

.. #. ## #. ..
# #. . #.####.
.#
#......##.###.#
#.#..S.........
#......@......#
#.#.#####.###.#
#


You could see a ball python (asleep).


Message History

No target in view!
No target in view!
No target in view!
No target in view!
No target in view!
No target in view!
A frilled lizard is nearby!
The frilled lizard hisses angrily.
You closely miss the frilled lizard. You grab the frilled lizard.
You squeeze the frilled lizard.
You kill the frilled lizard!
No target in view!
No target in view!
No target in view!
No target in view!
No target in view!
No target in view!
No target in view!
No target in view!
No target in view!
No target in view!
No target in view!
You see here a frilled lizard corpse.
e - 2 scrolls labelled NOSOFO VAFYT (gained 1)
k - a scroll labelled TIBOAF PYANA
j - 52 stones {throwing} (gained 20)
You pick up Ozocubu's Autobiography and begin reading...
You add the spells Ozocubu's Armour and Ozocubu's Refrigeration to your library.
As you read the scroll labelled TIBOAF PYANA, it crumbles to dust.
You hear a loud clanging noise!
It was a scroll of noise.
Unknown command.
As you read the scroll labelled JUAPEYMOMY, it crumbles to dust.
The scroll dissolves into smoke.
It was a scroll of fog.
Unknown command.
As you read the scroll labelled NOSOFO VAFYT, it crumbles to dust.
It is a scroll of identify.
c - a potion of degeneration You now have 25 gold pieces (gained 14).
Partly explored, can't reach some places.
Partly explored, can't reach some places.
Partly explored, can't reach some places.
Partly explored, can't reach some places.
No target in view!
Partly explored, can't reach some places.
Partly explored, can't reach some places.
You start waiting.
Your trail of clouds dissipates.
Done waiting.
Key pressed, stopping explore.
Found Kung's Book Shop.
Found a stone staircase leading down.
No target in view!
A goblin comes into view. It is wielding a +0 club.
A goblin is nearby!
There is an entrance to Kung's Book Shop here.
You closely miss the goblin. Your grab misses the goblin.
The goblin hits you with a +0 club. 😕 HP[-1]
You take 1 damage, and now have 25/26 hp.
You slash the goblin! You freeze the goblin.
You kill the goblin!
No target in view!
No target in view!
No target in view!
No target in view!
No target in view!
No target in view!
No target in view!
No target in view!
No target in view!
No target in view!
No target in view!
No target in view!
There is an entrance to Kung's Book Shop here. 😎 HP[+1]
Your hp is fully restored (26).
Sigmund the Dreaded comes into view.
He is wielding a +2 scythe of venom and wearing a +2 robe of willpower.
You see here 13 gold pieces.
There is a stone staircase leading down here.
Sigmund shouts!
You aren't carrying any items that you can evoke.
It was a potion of brilliance.
You feel clever all of a sudden.
Xom thinks this is hilarious!
Sigmund hits you from afar with a +2 scythe of venom! 😮 HP[-10]
You take 10 damage, and now have 16/26 hp.
MASSIVE DAMAGE!! (PAUSE)
There is a stone staircase leading down here.
Xom's power touches on you for a moment.
You feel drained.
Sigmund hits you from afar with a +2 scythe of venom!
Ouch! That really hurt!
* * * LOW HITPOINT WARNING * * *
A shower of butterflies erupts from you!
You are lethally poisoned!
You climb downwards.
Your summoned allies are left behind.
You die...
Xom cackles wildly!

Skill      XL: |  1  2  3 |
---------------+----------+-----
Dodging        | 3 4 |  4.1
Fighting       | |  3.0
Long Blades    | |  3.0

Action                   || total
-------------------------++-------
Melee: Falchion          ||    54
       Constrict         ||    17
       Tentacles         ||    10
  Use: Scroll            ||     3
       Potion            ||     1
 Stab: Sleeping          ||     3
Armor: Skin              ||     7
Dodge: Dodged            ||    27

Levels and vault maps discovered:
D:1:      dpeg_arrival_rooms_with_view, layout_basic, serial_shops, shop,
          shapermc_ecumenical_altar_gd, kennysheep_doodads, minmay_misc_feat_x
D:2:      layout_basic, serial_shops, nicolae_shop_trees, shop, uniq_jessica,
          uniq_sigmund
D:3:      layout_loops_ring, grunt_ministairs_2, chequers_garden,
          minmay_stone_trees_large, kennysheep_generic_room_9

Notes
Turn   | Place    | Note
-------+----------+-------------------------------------------
     0 | D:1      | spaghetti the Octopode Chaos Knight began the quest for the
                  | Orb.
     0 | D:1      | Reached XP level 1. HP: 16/16 MP: 1/1
     0 | D:1      | magus.rc [v1.9.6]
    52 | D:1      | XOM: divination: magic mapping
   210 | D:1      | Reached skill level 3 in Dodging
   210 | D:1      | Reached XP level 2. HP: 20/21 MP: 2/2
   265 | D:1      | XOM: divination: magic mapping
   323 | D:1      | Found Ytox's Distillery.
   369 | D:1      | Found a faded altar of an unknown god.
   433 | D:1      | Reached XP level 3. HP: 23/26 MP: 3/3
   756 | D:1      | XOM: cloud trail
   806 | D:2      | Reached skill level 4 in Dodging
   829 | D:2      | You add the spells Ozocubu's Armour and Ozocubu's
                  | Refrigeration to your library.
   984 | D:2      | Found Kung's Book Shop.
   995 | D:2      | Noticed Sigmund
  1002 | D:2      | XOM: draining
  1002 | D:2      | HP: 3/22 [Sigmund/+2 scythe of venom (13)]
  1002 | D:2      | XOM: butterfly on damage
  1003 | D:3      | Succumbed to Sigmund's poison

Vanquished Creatures
  An adder (D:2)
  A dart slug (D:1)
  A ball python (D:1)
  4 endoplasms (D:1)
  3 giant cockroaches (D:1)
  2 goblins
  2 hobgoblins (D:1)
  A jackal (D:1)
  5 kobolds (D:1)
  4 bats (D:1)
  3 frilled lizards
  6 rats (D:1)
33 creatures vanquished.

Vanquished Creatures (others)
  3 demonic plants (D:1)
  A fungus (D:1)
  2 withered plants (D:1)
6 creatures vanquished.

Grand Total: 39 creatures vanquished

Table legend:
 A = Non-vault XP
 B = Vault XP
 C = Vault XP percentage of total XP
 D = Non-vault monster count
 E = Vault monster count
 F = Vault count percentage of total count
                 A         B        C        D         E       F
            +---------+---------+-------+---------+---------+-------
      Total |      63 |       3 |   4.5 |      31 |       2 |   6.1
            +---------+---------+-------+---------+---------+-------
        D:1 |      47 |       3 |   6.0 |      28 |       2 |   6.7
        D:2 |      16 |       0 |   0.0 |       3 |       0 |   0.0
            +---------+---------+-------+---------+---------+-------

Illustrated notes

Table legend:
 A = Kills in this place as a percentage of kills in entire the game.
 B = Kills by you in this place as a percentage of kills by you in the entire game.
 C = Kills by friends in this place as a percentage of kills by friends in the entire game.
 D = Other kills in this place as a percentage of other kills in the entire game.
 E = Experience gained in this place as a percentage of experience gained in the entire game.
 F = Experience gained in this place divided by the number of levels of this place that you have seen.
                   A       B       C       D       E      F
               +-------+-------+-------+-------+-------+----------------------
         Total | 100.0 | 100.0 |   N/A |   N/A | 100.0 |  22.0
       Dungeon | 100.0 | 100.0 |   N/A |   N/A | 100.0 |  22.0
               +-------+-------+-------+-------+-------+----------------------

Table legend: (Time is in decaauts)
 A = Elapsed time spent in this place.
 B = Non-inter-level travel time spent in this place.
 C = Inter-level travel time spent in this place.
 D = Time resting spent in this place.
 E = Time spent auto-exploring this place.
 F = Levels seen in this place.
 G = Mean time per level.
                   A        B        C        D        E       F      G
               +--------+--------+--------+--------+--------+-----+--------+
         Total |   1011 |    978 |     33 |    100 |    653 |   3 |  337.0 |
       Dungeon |   1011 |    978 |     33 |    100 |    653 |   3 |  337.0 |
               +--------+--------+--------+--------+--------+-----+--------+

Top non-repeatable levels by time:
     D:1: 808 daAuts
     D:2: 202 daAuts
